Map: Eternal Empire LE

Players

Antwinger - Winner!

  • Race: Terran Terran
  • League: Diamond
  • Spawn Location: 7:00

VOD

Have the link to the VOD?

Description

Time

  • Played on: May 1, 2020, 4:13 p.m.
  • Length: 10:25
Show
View Real Time Build Order
Export as new Build Order

Antwinger Terran - Winner!

Build Orders:  

Get SALT Encoding   

  12  0:03  SCV  
  12  0:20  SCV  
  12  0:21  Supply Depot  
  12  0:27  Refinery  
  12  0:32  SCV  
  12  0:45  Barracks  
  12  0:48  SCV  
  12  1:00  SCV  
  12  1:12  SCV  
  12  1:24  SCV  
  12  1:34  Factory  
  12  1:35  Marine  
  12  1:40  Orbital Command  
  12  1:46  Supply Depot  
  12  1:54  Barracks Reactor  
  12  2:05  SCV  
  12  2:16  Command Center  
  12  2:21  Factory Tech Lab  
  12  2:26  SCV  
  12  2:30  Marine x2  
  12  2:37  Supply Depot  
  12  2:39  SCV  
  12  2:50  Siege Tank  
  12  2:52  Marine x2  
  12  2:59  SCV  
  12  3:03  Refinery  
  12  3:12  Marine  
  12  3:13  Marine  
  12  3:20  Refinery  
  12  3:22  Supply Depot  
  12  3:24  SCV  
  12  3:30  Marine x2, Siege Tank  
  12  3:41  SCV  
  12  3:48  Marine x2  
  12  3:53  SCV  
  12  4:02  Siege Tank  
  12  4:05  SCV  
  12  4:06  Marine  
  12  4:18  SCV, Barracks  
  12  4:21  Orbital Command  
  12  4:22  Marine  
  12  4:24  Marine  
  12  4:32  SCV  
  12  4:34  Siege Tank  
  12  4:40  Marine  
  12  4:42  Marine  
  12  4:44  SCV  
  12  4:48  Starport  
  12  4:58  Marine  
  12  4:59  SCV x2, Marine  
  12  5:11  Barracks Tech Lab  
  12  5:17  Supply Depot  
  12  5:19  Supply Depot  
  12  5:26  Engineering Bay  
  12  5:39  SCV x2, Viking, Marauder, Marine x2  
  12  5:43  Starport  
  12  5:45  Stimpack  
  12  5:51  SCV x2  
  12  5:56  Supply Depot  
  12  5:57  Marine x2  
  12  5:58  Supply Depot  
  12  6:01  Marauder  
  12  6:08  Missile Turret  
  12  6:14  Marine x2  
  12  6:18  Siege Tank  
  12  6:22  Supply Depot, Marauder  
  12  6:24  Supply Depot  
  12  6:31  Supply Depot  
  12  6:32  SCV x2  
  12  6:41  Marine x2  
  12  6:43  Marauder  
  12  6:44  SCV x2  
  12  6:50  Siege Tank  
  12  6:52  Missile Turret  
  12  6:56  SCV x2  
  12  6:58  Marine  
  12  6:59  Marine  
  12  7:02  Supply Depot  
  12  7:08  SCV x2  
  12  7:09  Starport Tech Lab  
  12  7:11  Viking  
  12  7:24  SCV x2, Supply Depot  
  12  7:28  Marauder, Marine x2  
  12  7:35  Raven  
  12  7:36  SCV x2  
  12  7:46  Terran Infantry Weapons Level 1, Marine x2  
  12  7:48  SCV x2  
  12  7:49  Marauder  
  12  7:51  Armory  
  12  7:57  Siege Tank  
  12  8:00  SCV x2  
  12  8:01  Starport Reactor  
  12  8:04  Marine x2  
  12  8:10  Marauder  
  12  8:17  Command Center  
  12  8:18  SCV x2  
  12  8:22  Marine  
  12  8:23  Marine  
  12  8:26  Refinery  
  12  8:29  Siege Tank  
  12  8:30  SCV x2  
  12  8:32  Marauder  
  12  8:33  Banshee  
  12  8:41  Supply Depot  
  12  8:44  Marine x2  
  12  8:50  Liberator  
  12  8:53  Marauder  
  12  8:56  SCV x2  
  12  8:59  Supply Depot  
  12  9:02  Supply Depot  
  12  9:03  Marine x2, Liberator  
  12  9:08  SCV x2  
  12  9:20  SCV x2  
  12  9:21  Marauder, Marine  
  12  9:23  Marine  
  12  9:28  Supply Depot  
  12  9:31  Supply Depot  
  12  9:32  Supply Depot  
  12  9:33  Supply Depot  
  12  9:34  SCV x2, Supply Depot  
  12  9:38  Marine  
  12  9:40  Siege Tank  
  12  9:42  Marauder  
  12  9:46  SCV  
  12  10:03  Marauder  
  12  10:20  Refinery  
  12  10:23  Refinery  
Tags
 
Add a new tag
Caveats
  • Supply blocks, unpowered buildings, or Contaminate may cause inaccurate times.
  • Supply counts are checked every 10 seconds.